Map: Fracture LE

Players

HeroMarine - Winner!

  • Race: Terran Terran
  • Spawn Location: 11:00

TRUE

  • Race: Zerg Zerg
  • Spawn Location: 5:00

Event: WCS Montreal 2018

VOD

Have the link to the VOD?

Description

Time

  • Played on: Sept. 7, 2018, 8:42 p.m.
  • Length: 14:55

All games in this series

Show
View Real Time Build Order
Export as new Build Order

HeroMarine Terran - Winner!

Build Orders: Gas First Reaper Expand, Reaper Expand, Hellion Banshee, Mech 

Get SALT Encoding   

  12  0:00  SCV  
  13  0:12  SCV  
  14  0:17  Supply Depot  
  14  0:24  SCV  
  14  0:28  Refinery  
  15  0:39  SCV  
  16  0:43  Barracks  
  16  0:51  SCV  
  17  1:03  SCV  
  18  1:15  SCV  
  19  1:30  Orbital Command, Reaper  
  20  1:41  Command Center  
  20  1:52  Factory  
  20  1:56  SCV  
  21  2:05  Barracks Reactor  
  21  2:08  SCV  
  22  2:12  Refinery, Supply Depot  
  22  2:20  SCV  
  23  2:34  SCV  
  24  2:43  Starport  
  24  2:46  SCV  
  24  2:50  Hellion  
  24  2:51  Hellion  
  29  2:52  Barracks Tech Lab  
  29  2:58  SCV  
  30  3:10  SCV  
  30  3:12  Hellion x2  
  35  3:14  Orbital Command  
  35  3:22  SCV  
  36  3:28  Viking  
  37  3:35  SCV  
  37  3:39  Hellion x2  
  37  3:40  Supply Depot  
  42  3:43  Cloaking Field  
  42  3:47  SCV x2  
  44  3:59  SCV  
  44  4:00  SCV  
  44  4:01  Banshee  
  49  4:03  Supply Depot  
  49  4:06  Hellion  
  49  4:08  Hellion  
  53  4:11  SCV  
  54  4:24  SCV x2  
  54  4:25  Supply Depot  
  56  4:36  SCV x2, Marine x2  
  58  4:44  Banshee  
  58  4:45  Factory Tech Lab  
  58  4:48  SCV x2  
  53  4:54  Marine x2  
  53  5:00  SCV  
  53  5:01  SCV  
  53  5:06  Armory  
  55  5:13  SCV x2  
  59  5:25  SCV x2  
  59  5:27  Command Center  
  59  5:37  Engineering Bay, SCV, Viking x2  
  59  5:40  SCV  
  65  5:49  Refinery x2  
  65  5:54  Thor  
  65  5:56  SCV x2  
  73  6:00  Supply Depot  
  73  6:05  Terran Vehicle Weapons Level 1  
  73  6:06  Missile Turret  
  73  6:10  SCV x2  
  75  6:19  Missile Turret, Factory  
  75  6:22  SCV x2  
  77  6:27  Factory  
  77  6:34  SCV  
  77  6:35  SCV  
  77  6:37  Siege Tank  
  82  6:45  Starport Reactor  
  82  6:46  SCV  
  83  6:47  SCV  
  83  6:48  Missile Turret  
  83  6:50  Supply Depot  
  83  6:54  Supply Depot  
  84  6:58  SCV  
  84  6:59  SCV  
  84  7:00  Armory  
  86  7:04  Hellion x2  
  90  7:10  SCV  
  90  7:11  SCV  
  90  7:13  Orbital Command, Missile Turret  
  92  7:17  Missile Turret  
  92  7:22  SCV  
  93  7:23  SCV  
  93  7:25  Siege Tank  
  100  7:34  SCV  
  100  7:35  Supply Depot x2, SCV  
  102  7:39  Refinery, SCV  
  102  7:40  Refinery  
  102  7:43  Thor  
  106  7:46  SCV  
  106  7:47  SCV  
  107  7:51  SCV  
  107  7:56  Terran Vehicle And Ship Armor Level 1  
  108  7:59  Siege Tank, SCV x2  
  108  8:03  SCV  
  114  8:09  Starport Reactor  
  114  8:11  SCV  
  114  8:12  Factory x2, Hellion x3  
  115  8:20  Command Center  
  115  8:21  SCV x2  
  115  8:23  SCV  
  115  8:25  Hellion x2  
  115  8:27  Siege Tank  
  125  8:28  Terran Vehicle Weapons Level 2  
  125  8:35  Infernal Pre-Igniter  
  125  8:44  Supply Depot  
  125  8:45  Supply Depot  
  125  8:47  Siege Tank  
  128  8:49  Hellion  
  128  8:50  Hellion  
  128  8:52  SCV x2  
  133  8:58  SCV  
  132  9:03  Factory Tech Lab  
  132  9:05  Siege Tank  
  132  9:07  Supply Depot  
  132  9:09  Hellion x2  
  139  9:11  Supply Depot  
  139  9:13  Supply Depot  
  139  9:16  Medivac x2  
  142  9:17  Hellion x2  
  142  9:19  Siege Tank  
  149  9:28  Sensor Tower  
  149  9:29  Missile Turret  
  149  9:31  Hellion  
  149  9:36  Sensor Tower x2  
  151  9:39  Hellion x2  
  151  9:43  Siege Tank x2  
  161  9:47  SCV x3  
  161  9:54  Siege Tank  
  161  9:57  Refinery x2  
  161  10:02  Planetary Fortress  
  161  10:04  Hellion  
  161  10:05  Hellion  
  161  10:06  Missile Turret, Hellion  
  164  10:15  Siege Tank  
  164  10:16  Siege Tank  
  164  10:18  Hellion  
  172  10:26  Siege Tank, Hellion  
  172  10:27  Terran Vehicle And Ship Armor Level 2, Hellion x2  
  181  10:30  Smart Servos  
  181  10:33  Hellion x5  
  181  10:35  Liberator  
  181  10:39  Hellion  
  183  10:47  Hellion  
  183  10:48  Hellion  
  187  10:50  Terran Vehicle Weapons Level 3  
  187  10:52  Hellion  
  192  10:59  Command Center  
  192  11:02  Sensor Tower  
  192  11:06  Siege Tank  
  195  11:13  Hellion x2  
  195  11:16  Factory  
  199  11:18  Factory  
  200  11:27  Hellion x2  
  199  11:37  Hellion  
  199  11:38  Siege Tank  
  200  11:40  Hellion  
  200  11:42  Thor  
  200  12:06  Liberator x2  
  193  12:18  Hellion x2  
  193  12:21  Hellion x2  
  184  12:23  Siege Tank  
  184  12:24  Siege Tank  
  184  12:27  Siege Tank  
  178  12:38  Cyclone x2  
  178  12:39  Hellion x2  
  178  12:42  Command Center, Hellion x2  
  192  12:56  Siege Tank x2  
  188  12:59  Siege Tank  
  188  13:01  Hellion x2  
  186  13:11  Hellion x3  
  157  13:25  Hellion  
  157  13:26  Liberator x2  
  149  13:28  Siege Tank, Thor  
  149  13:31  Siege Tank  
  149  13:32  Hellion x2  
  160  13:34  Factory Reactor, Factory Tech Lab  
  160  13:36  Hellion  
  162  13:46  Hellion  
  164  13:53  Thor, Hellion  
  164  13:55  Hellion  
  174  13:57  Hellion  
  174  14:00  Siege Tank  
  179  14:03  Siege Tank  
  178  14:10  Hellion  
  178  14:11  Siege Tank, Hellion x2  
  178  14:15  Hellion  
  185  14:19  Hellion x2  
  189  14:32  Hellion x2  
  189  14:37  Refinery  
  199  14:40  Refinery  
Show
View Real Time Build Order
Export as new Build Order

TRUE Zerg 

Build Orders: Pool First, Swarm Host 

Get SALT Encoding   

  12  0:00  Drone  
  13  0:13  Overlord  
  13  0:16  Drone  
  14  0:31  Drone x2  
  16  0:42  Spawning Pool  
  15  0:43  Drone  
  15  0:48  Extractor, Drone  
  16  0:57  Drone  
  17  1:14  Hatchery  
  16  1:28  Zergling x4  
  16  1:29  Zergling x2  
  19  1:36  Queen  
  21  1:44  Overlord  
  21  1:52  Metabolic Boost  
  21  1:56  Drone  
  22  2:06  Drone  
  23  2:12  Queen  
  23  2:14  Drone  
  25  2:28  Drone x2  
  27  2:34  Drone  
  27  2:37  Drone  
  27  2:39  Roach Warren  
  27  2:44  Drone x2  
  27  2:46  Drone  
  27  2:48  Drone  
  30  2:54  Overlord  
  30  2:56  Zergling x2  
  31  3:00  Zergling x2  
  32  3:08  Queen  
  34  3:14  Overlord  
  34  3:30  Roach  
  34  3:31  Roach x4  
  34  3:32  Drone  
  45  3:34  Drone  
  45  3:36  Drone  
  45  3:38  Drone  
  48  3:42  Drone  
  48  3:43  Drone  
  50  3:50  Queen  
  52  4:00  Overlord  
  52  4:05  Overlord  
  52  4:08  Lair  
  52  4:20  Overlord  
  52  4:23  Zergling x2  
  53  4:25  Roach x2  
  53  4:26  Roach  
  60  4:31  Drone  
  60  4:41  Drone x3  
  60  4:42  Drone x2  
  60  4:44  Drone x2  
  65  4:46  Drone  
  65  4:52  Drone  
  57  5:00  Extractor  
  57  5:01  Extractor  
  57  5:03  Drone x2  
  57  5:06  Queen x2  
  61  5:07  Extractor  
  61  5:08  Overseer x2  
  61  5:10  Drone  
  61  5:13  Drone  
  62  5:18  Drone  
  63  5:27  Drone x2  
  65  5:29  Hatchery  
  65  5:30  Drone x2  
  65  5:31  Drone  
  67  5:40  Overlord  
  67  5:45  Spire  
  67  5:49  Drone x2  
  68  5:50  Overlord  
  68  5:53  Overlord  
  68  5:58  Overlord  
  68  6:01  Overlord  
  68  6:02  Drone x4  
  72  6:10  Roach  
  73  6:13  Roach x2  
  73  6:14  Roach  
  73  6:15  Zergling x4  
  73  6:16  Queen  
  83  6:37  Overlord  
  83  6:40  Overlord  
  83  6:45  Evolution Chamber  
  82  6:57  Mutalisk x7  
  82  6:59  Overlord  
  96  7:04  Drone x6  
  101  7:08  Drone  
  101  7:10  Drone x3  
  101  7:13  Drone  
  106  7:15  Zerg Missile Weapons Level 1  
  106  7:19  Extractor x2  
  106  7:22  Infestation Pit  
  103  7:25  Drone x3  
  103  7:27  Hatchery, Roach  
  107  7:30  Roach  
  107  7:31  Roach  
  107  7:33  Roach  
  107  7:36  Roach  
  115  7:37  Roach  
  115  7:40  Roach  
  115  7:43  Overlord  
  119  7:45  Roach  
  119  7:56  Overlord  
  119  7:59  Glial Reconstitution  
  119  8:01  Overlord  
  119  8:03  Roach  
  119  8:04  Roach x6  
  133  8:06  Roach  
  133  8:07  Overseer  
  133  8:10  Roach  
  137  8:28  Overlord x3  
  137  8:29  Swarm Host x3  
  137  8:30  Swarm Host x2  
  137  8:32  Swarm Host  
  155  8:34  Swarm Host  
  155  8:39  Overlord, Swarm Host  
  160  8:52  Swarm Host x2  
  160  8:53  Swarm Host  
  169  8:58  Swarm Host  
  170  9:03  Drone x5  
  170  9:04  Swarm Host  
  170  9:08  Swarm Host  
  179  9:11  Swarm Host  
  182  9:17  Swarm Host  
  182  9:19  Overlord x2  
  182  9:23  Overlord  
  185  9:25  Zerg Missile Weapons Level 2  
  185  9:26  Extractor  
  185  9:27  Extractor  
  185  9:30  Swarm Host  
  186  9:35  Spore Crawler, Swarm Host  
  186  9:36  Spore Crawler  
  187  9:39  Swarm Host  
  187  9:44  Swarm Host  
  193  9:46  Drone x2  
  193  9:49  Swarm Host  
  198  9:56  Roach  
  200  10:00  Spine Crawler x2  
  200  10:01  Spine Crawler  
  200  10:02  Spine Crawler  
  200  10:03  Roach x2  
  200  10:34  Zerg Flyer Weapons Level 1  
  200  10:53  Spine Crawler  
  200  10:54  Spine Crawler x2  
  197  10:58  Spine Crawler  
  197  11:04  Roach x2  
  200  11:05  Spore Crawler  
  190  11:27  Drone  
  190  11:28  Drone x9  
  190  11:30  Drone x2  
  200  11:40  Overlord  
  200  11:44  Overlord  
  200  11:47  Overlord  
  200  11:51  Overlord  
  200  11:55  Spine Crawler  
  200  11:56  Spore Crawler, Spine Crawler  
  200  11:58  Spine Crawler  
  200  11:59  Roach  
  200  12:00  Roach x3  
  200  12:01  Roach  
  200  12:05  Roach  
  200  12:08  Roach x3  
  200  12:11  Roach x2  
  200  12:13  Roach x2  
  200  12:14  Roach x8  
  191  12:18  Roach  
  186  12:26  Roach x5  
  186  12:29  Roach  
  182  12:36  Roach  
  182  12:37  Roach  
  164  12:38  Roach  
  148  12:59  Roach  
  148  13:01  Roach x2  
  148  13:03  Roach x2  
  150  13:06  Roach  
  150  13:08  Roach x2  
  150  13:11  Roach  
  150  13:12  Roach x2  
  138  13:13  Roach  
  137  13:25  Roach x2  
  132  13:29  Roach  
  132  13:32  Roach  
  109  14:16  Drone  
  109  14:17  Drone x8  
  118  14:28  Mutalisk x2  
  118  14:31  Mutalisk  
Tags
 
Add a new tag
Caveats
  • Supply blocks, unpowered buildings, or Contaminate may cause inaccurate times.
  • Supply counts are checked every 10 seconds.